 Dungeon Crawl Stone Soup version 0.31.0-32-g396128a36d (webtiles) character file.

Game seed: 5222952271448477472

87 Noglet the Slasher (level 4, -7/41 HPs)
             Began as a Minotaur Berserker on Mar 26, 2024.
             Was a Believer of Trog.
             Killed from afar by Sigmund (8 damage)
             ... with a puff of flame
             ... on level 2 of the Dungeon.
             The game lasted 00:04:22 (1900 turns).

Noglet the Slasher (Minotaur Berserker)             Turns: 1900, Time: 00:04:23

Health: -7/41      AC:  5    Str: 23    XL:     4   Next: 28%
Magic:  3/3        EV: 11    Int:  4    God:    Trog [**....]
Gold:   39         SH:  0    Dex: 10    Spells: 3/3 levels left

rFire   . . .        a - +1 falchion
rCold   . . .        (no shield)
rNeg    . . .        g - +0 ring mail
rPois   .            (helmet restricted)
rElec   .            (no cloak)
rCorr   .            (no gloves)
SInv    .            (no boots)
Will    .....        (no amulet) Stlth
                     (no ring)
HPRegen 0.26/turn    (no ring)
MPRegen 0.08/turn

%: no passive effects
@: no status effects
A: horns 2, retaliatory headbutt
a: Renounce Religion, Berserk, Trog's Hand


You were on level 2 of the Dungeon.
You worshipped Trog.
Trog was pleased with you.
You visited 1 branch of the dungeon, and saw 2 of its levels.

You collected 39 gold pieces.

Inventory:

Hand Weapons
 a - a +1 falchion (weapon)
Missiles
 h - 7 stones (quivered)
 k - 3 atropa-tipped darts
Armour
 b - a +0 animal skin
 g - a +0 ring mail (worn)
Potions
 c - a potion of heal wounds {unknown}
 d - 2 potions of haste {unknown}
 f - a potion of enlightenment {unknown}
 i - a potion of magic {unknown}
 j - a potion of curing {unknown}


   Skills:
 + Level 4.6 Fighting
 + Level 4.7 Long Blades
 + Level 3.3 Armour
 + Level 2.6 Dodging


You had 3 spell levels left.
You didn't know any spells.
Your spell library contained the following spells:

 Spells                   Type           Power      Damage    Failure   Level
 Summon Small Mammal      Summ           0%         N/A       65%         1
 Call Canine Familiar     Summ           0%         N/A       95%         3
 Summon Blazeheart Golem  Fire/Summ      0%         N/A       100%        4


Dungeon Overview and Level Annotations

Branches:
Dungeon (2/15)

Altars:

Shops:
D:1 *

Annotations:
D:2 Sigmund


Innate Abilities, Weirdness & Mutations

You have a pair of horns on your head.
You reflexively headbutt those who attack you in melee.


Message History

A puff of flame appears from out of thin air!
The puff of flame hits you.
You hear some strange, mumbled words.
A puff of flame appears from out of thin air!
The puff of flame hits you!
You miss something. Something hits you but does no damage.
You closely miss something. Your headbutt misses something.
You hit something but do no damage. Something hits you.
You slash something! Something hits you.
You hit something.
You hear some strange, mumbled words.
A magic dart appears from out of thin air!
The magic dart hits you.
You closely miss something.
You hear a zap.
A puff of flame appears from out of thin air!
The puff of flame hits you.
You barely miss something. Your headbutt misses something.
You hear a zap.
A puff of flame appears from out of thin air!
The puff of flame hits you.
You closely miss something. Your headbutt misses something.
You hear a zap.
A puff of flame appears from out of thin air!
The puff of flame misses you.
You closely miss something.
You hear a zap.
A puff of flame appears from out of thin air!
The puff of flame hits you.
* * * LOW HITPOINT WARNING * * *
You barely miss something.
You hear a zap.
A puff of flame appears from out of thin air!
The puff of flame hits you!
* * * LOW HITPOINT WARNING * * *
You barely miss something.
You hear some strange, mumbled words.
A puff of flame appears from out of thin air!
The puff of flame hits you!
You die...

#########
...)....#
#######.# #< #@#
...###. #{#
...'...#####h#
#hh...h#
###########.###..#
...........># #..#
######.####.###..#
#.# #......# #.#
#.####.#


You could see 2 jackals.

Vanquished Creatures
  Natasha (D:2)
  An adder (D:2)
  2 ribbon worms (D:2)
  2 dart slugs (D:1)
  5 bats
  An endoplasm (D:2)
  2 giant cockroaches (D:1)
  6 goblins
  2 hobgoblins
  3 kobolds (D:1)
  3 quokkas (D:1)
  5 ball pythons
  7 frilled lizards
  5 rats
45 creatures vanquished.

Notes
Turn   | Place    | Note
-------+----------+-------------------------------------------
     0 | D:1      | Noglet the Minotaur Berserker began the quest for the Orb.
     0 | D:1      | Reached XP level 1. HP: 19/19 MP: 0/0
    93 | D:1      | Reached XP level 2. HP: 18/27 MP: 1/1
   685 | D:1      | Reached XP level 3. HP: 31/34 MP: 2/2
   735 | D:1      | Found Pocvidomm's General Store.
  1301 | D:2      | Reached ** piety under Trog
  1361 | D:2      | Noticed Natasha
  1380 | D:2      | Killed Natasha
  1629 | D:2      | Reached XP level 4. HP: 41/41 MP: 3/3
  1872 | D:2      | Noticed Sigmund
  1899 | D:2      | HP: 1/41 [something/puff of flame (10)]
  1900 | D:2      | Killed from afar by Sigmund

Illustrated notes

Levels and vault maps discovered:
D:1:      co_arrival_random_square_maze, layout_loops_ring, serial_shops,
          nicolae_shop_tiny_real_fake_doors
D:2:      layout_basic, hellmonk_ecumenical_altar_inner_sanctum,
          minmay_lizard_pond, uniq_natasha, uniq_sigmund

Skill      XL: |  1  2  3  4 |
---------------+-------------+-----
Long Blades    | 4 |  4.7
Fighting       | 4 |  4.6
Armour         | 3 |  3.3
Dodging        | |  2.6

Action                     |  1- 3 |  4- 6 || total
---------------------------+-------+-------++-------
  Melee: Falchion          |    69 |    33 ||   102
         Headbutt          |     5 |     4 ||     9
    Use: Scroll            |     3 |       ||     3
 Armour: Animal skin       |    43 |       ||    43
         Ring mail         |    28 |    28 ||    56
  Dodge: Dodged            |    88 |    21 ||   109
